 Dungeon Sprint DCSS version 0.21.1-1-g345015f (webtiles) character file.

1224 nicolaieve the Severer (level 8, -1/83 HPs)
             Began as a Minotaur Berserker on June 14, 2018.
             Was a Priest of Trog.
             Slain by a demonic crawler (8 damage)
             ... in the Dungeon (Sprint I: "Red Sonja").
             The game lasted 00:04:22 (571 turns).

nicolaieve the Severer (Minotaur Berserker)          Turns: 571, Time: 00:04:22

Health: -1/83      AC:  8    Str: 23    XL:     8   Next: 23%
Magic:  7/7        EV: 11    Int:  4    God:    Trog [***...]
Gold:   405        SH:  0    Dex: 11    Spells: 7/7 levels left

rFire    . . .     SeeInvis .   a - +0 hand axe
rCold    . . .     Gourm    .   (no shield)
rNeg     . . .     Faith    .   j - +0 scale mail
rPois    .         Spirit   .   (helmet restricted)
rElec    .         Reflect  .   (no cloak)
rCorr    .         Harm     .   (no gloves)
MR       ++...     NoTele   +   (no boots)
Stlth    ..........             (no amulet)
HPRegen  1.23/turn              (no ring)
MPRegen  0.10/turn              (no ring)

@: berserk cooldown, regenerating, slowed, very slow
A: retaliatory headbutt, horns 2
a: Berserk, Trog's Hand, Burn Spellbooks, Renounce Religion


You were in the Dungeon.
You worshipped Trog.
Trog was most pleased with you.
You were not hungry.

You visited 1 branch You collected 405 gold pieces.

Inventory:

Hand Weapons
 a - a +0 hand axe (weapon)
Armour
 b - a +0 animal skin
 j - a +0 scale mail (worn)
Scrolls
 i - a scroll of blinking
Potions
 d - a potion of curing
 e - a potion of heal wounds
 f - a potion of haste
 g - 2 potions of magic
 h - a potion of berserk rage


   Skills:
 + Level 11.6 Fighting
 * Level 16.3 Axes
 + Level 7.7 Armour
 + Level 2.6 Dodging


You had 7 spell levels left.
You didn't know any spells.

Dungeon Overview and Level Annotations

Branches:
Dungeon (1/1)

Altars:
Cheibriados
Dithmenos
Elyvilon
Fedhas
Gozag
Hepliaklqana
Kikubaaqudgha
Makhleb
Nemelex Xobeh
Okawaru
Qazlal
Ru
Sif Muna
Trog
Uskayaw
Vehumet
Wu Jian
Xom
Yredelemnul
Zin
The Shining One
Jiyva
Lugonu

Shops:
D :


Innate Abilities, Weirdness & Mutations

You reflexively headbutt those who attack you in melee.
You have a pair of horns on your head.


Message History

You can no longer call in reinforcements.
The demonic crawler hits you but does no damage.
The demonic crawler barely misses you. The demonic crawler hits you.
The demonic crawler hits you!
The demonic crawler hits you but does no damage.
The demonic crawler hits you. The demonic crawler hits you!
The demonic crawler closely misses you. The demonic crawler hits you.
You hit the demonic crawler but do no damage.
You barely miss the demonic crawler.
The demonic crawler completely misses you.
The demonic crawler hits you!
* * * LOW HITPOINT WARNING * * *
The demonic crawler hits you.
* * * LOW HITPOINT WARNING * * *
The demonic crawler hits you.
* * * LOW HITPOINT WARNING * * *
The demonic crawler hits you.
* * * LOW HITPOINT WARNING * * *
The demonic crawler hits you!
You die...

##################
.#..'..#__#..'))O#
.').#..'..'..#..s##+#
'#####'#__####..@ss.#
.#...#)#### #####s.+
##..##)# ## _##'#_.+
..'..._# _##_.#+#
_###+# ##


You could see 4 demonic crawlers and a friendly ogre (berserk).

Vanquished Creatures
  2 kobold demonologists (D)
  A slime creature (D)
  Sigmund (D)
  A yak (D)
  A floating eye (D)
  An ogre (D)
  A jelly (D)
  Ijyb (D)
9 creatures vanquished.

Notes
Turn   | Place    | Note
-------+----------+-------------------------------------------
     0 | D        | nicolaieve the Minotaur Berserker began the quest for the Orb.
     0 | D        | Reached XP level 1. HP: 19/19 MP: 0/0
     2 | D        | Noticed Ijyb
    14 | D        | Killed Ijyb
    14 | D        | Reached skill level 5 in Fighting
    14 | D        | Reached skill level 6 in Axes
    14 | D        | Reached XP level 2. HP: 29/29 MP: 1/1
    41 | D        | Noticed an ogre
    46 | D        | Killed an ogre
    46 | D        | Reached skill level 9 in Axes
    46 | D        | Reached XP level 3. HP: 39/39 MP: 2/2
    46 | D        | Reached XP level 4. HP: 47/47 MP: 3/3
    64 | D        | Noticed Sigmund
    78 | D        | Killed Sigmund
    78 | D        | Reached ** piety under Trog
    78 | D        | Reached skill level 11 in Axes
    78 | D        | Reached XP level 5. HP: 38/56 MP: 4/4
    94 | D        | Found an ornate altar of the Wu Jian Council.
    94 | D        | Found a deep blue altar of Sif Muna.
    96 | D        | Found a radiant altar of Vehumet.
    99 | D        | Reached skill level 12 in Axes
    99 | D        | Reached skill level 5 in Armour
    99 | D        | Reached XP level 6. HP: 43/63 MP: 5/5
   116 | D        | Found Befem's Book Emporium.
   116 | D        | Found an ancient bone altar of Kikubaaqudgha.
   116 | D        | Found a hazy altar of Hepliaklqana.
   116 | D        | Found a hide-covered altar of Uskayaw.
   116 | D        | Found a basalt altar of Yredelemnul.
   116 | D        | Found an opulent altar of Gozag.
   116 | D        | Found a snail-covered altar of Cheibriados.
   116 | D        | Found a sacrificial altar of Ru.
   116 | D        | Found a shadowy altar of Dithmenos.
   116 | D        | Noticed a yak
   124 | D        | Killed a yak
   124 | D        | Reached skill level 10 in Fighting
   124 | D        | Reached skill level 13 in Axes
   125 | D        | Found a stormy altar of Qazlal.
   125 | D        | Found a blossoming altar of Fedhas.
   125 | D        | Found a bloodstained altar of Trog.
   125 | D        | Found an iron altar of Okawaru.
   125 | D        | Found a glowing golden altar of the Shining One.
   125 | D        | Found a glowing silver altar of Zin.
   125 | D        | Found a white marble altar of Elyvilon.
   126 | D        | Found a sparkling altar of Nemelex Xobeh.
   264 | D        | Found a burning altar of Makhleb.
   264 | D        | Found a viscous altar of Jiyva.
   264 | D        | Found a shimmering altar of Xom.
   264 | D        | Found a corrupted altar of Lugonu.
   264 | D        | Noticed a slime creature
   276 | D        | HP: 4/99 [slime creature (15)]
   277 | D        | Killed a slime creature
   277 | D        | Reached *** piety under Trog
   277 | D        | Reached skill level 14 in Axes
   277 | D        | Reached XP level 7. HP: 4/73 MP: 6/6
   543 | D        | Noticed a kobold demonologist
   544 | D        | Noticed a kobold demonologist
   545 | D        | Noticed a chaos spawn
   550 | D        | Killed a kobold demonologist
   550 | D        | Reached skill level 15 in Axes
   560 | D        | Killed a kobold demonologist
   560 | D        | Reached **** piety under Trog
   560 | D        | Reached skill level 16 in Axes
   560 | D        | Reached XP level 8. HP: 83/83 MP: 7/7
   568 | D        | Noticed a demonic crawler
   568 | D        | Noticed a demonic crawler
   568 | D        | Noticed a demonic crawler
   568 | D        | Noticed a demonic crawler
   571 | D        | Slain by a demonic crawler

Skill      XL: |  1  2  3  4  5  6  7 |
---------------+----------------------+-----
Fighting       | 5 7 8 9 10 11 | 11.6
Axes           | 6 9 11 12 14 16 | 16.3
Armour         | 3 4 5 6 7 |  7.7
Dodging        | |  2.6

Action                   |  1- 3 |  4- 6 |  7- 9 || total
-------------------------+-------+-------+-------++-------
Melee: Hand axe          |    14 |    33 |    15 ||    62
       Headbutt          |     3 |    11 |     2 ||    16
Invok: Berserk           |     2 |     2 |     1 ||     5
       Trog's Hand       |       |       |     1 ||     1
       Brothers in Arms  |       |       |     1 ||     1
  Eat: Chunk             |       |     1 |       ||     1
       Ration            |       |       |     1 ||     1
Armor: Animal skin       |     1 |       |       ||     1
       Scale mail        |     1 |     4 |    10 ||    15
Dodge: Dodged            |     4 |     7 |     7 ||    18
